 Dungeon Crawl Stone Soup version 0.24.0-123-gd5b16e6ec5 (webtiles) character file.

Game seed: 12021979775809674452, levelgen mode: deterministic

7809 Bombadil the Dealer of Despair (level 11, 0/106 HPs)
             Began as a Vampire Necromancer on Feb 9, 2020.
             Was an Elder of Kikubaaqudgha.
             Killed by vampiric draining
             ... invoked by Josephine
              (4 damage)
             ... on level 8 of the Dungeon.
             The game lasted 00:42:07 (10107 turns).

Bombadil the Dealer of Despair (VpNe)              Turns: 10107, Time: 00:42:07

Health: 0/106      AC: 12    Str: 12    XL:     11   Next: 1%
Magic:  10/34      EV: 11    Int: 22    God:    Kikubaaqudgha [****..]
Gold:   611        SH:  0    Dex: 14    Spells: 4/31 levels left

rFire    . . .     SeeInvis +   b - +3 dagger
rCold    . . .     Gourm    .   (no shield)
rNeg     . . .     Faith    .   x - +4 ring mail {MR+}
rPois    .         Spirit   .   u - +0 helmet
rElec    .         Reflect  .   n - +0 cloak
rCorr    .         Harm     .   H - +0 pair of gloves
MR       ++...                  (no boots)
Stlth    ..........             (no amulet)
HPRegen  0.47/turn              e - ring of magical power
MPRegen  0.24/turn              q - ring of wizardry

@: mighty, berserking, very slightly contaminated, regenerating quickly,
studying Long Blades, heavily drained, very quick
A: no food, fangs 3, see invisible, unbreathing
a: Exsanguinate, Receive Corpses, Renounce Religion


You were on level 8 of the Dungeon.
You worshipped Kikubaaqudgha.
Kikubaaqudgha was greatly pleased with you.
You were alive.

You visited 2 branches of the dungeon, and saw 11 of its levels.

You collected 611 gold pieces.

Inventory:

Hand Weapons
 a - a +6 flail of crushing
 b - a +3 dagger (weapon)
 h - a +2 vampiric dagger
Missiles
 z - a throwing net (quivered)
Armour
 f - a +4 scale mail
 n - a +0 cloak (worn)
 p - a +1 leather armour of magic resistance
 s - the +0 ring mail of Tender Moments {*Slow +Fly rPois Slay+5}
   (You found it on level 4 of the Dungeon)

   It affects your accuracy and damage with ranged weapons and melee attacks
   (+5).
   It protects you from poison.
   It lets you fly.
   It may slow you when you take damage.
 u - a +0 helmet (worn)
 x - a +4 ring mail of magic resistance (worn)
 H - a +0 pair of gloves (worn)
Magical Staves
 G - an uncursed staff of poison
Jewellery
 e - a ring of magical power (left hand)
 q - a ring of wizardry (right hand)
Wands
 l - a wand of random effects (14)
 y - a wand of disintegration (10)
 B - a wand of enslavement (7)
 C - a wand of polymorph (9)
Scrolls
 c - 4 scrolls of enchant armour
 i - a scroll of magic mapping
 j - a scroll of teleportation
 k - a scroll of silence
 I - a scroll of summoning
Potions
 g - a potion of brilliance
 o - a potion of curing
 r - a potion of mutation
 t - a potion of might
 v - 3 potions of flight
 w - a potion of ambrosia
 F - 2 potions of lignification
Books
 E - a manual of Long Blades


   Skills:
 + Level 1.5(0.0) Fighting
 + Level 2.2(0.3) Short Blades
 + Level 1.5(0.0) Maces & Flails
 + Level 3.2(1.3) Armour
 + Level 4.0(2.1) Dodging
 + Level 5.6(3.5) Stealth
 + Level 10.6(8.2) Spellcasting
 + Level 1.1(0.0) Hexes
 + Level 0.5(0.0) Charms
 + Level 11.8(9.4) Necromancy
 + Level 0.5(0.0) Ice Magic


You had 4 spell levels left.
You knew the following spells:

 Your Spells              Type           Power        Failure   Level  Hunger
a - Pain                  Necr           ####         1%          1    N/A
b - Animate Skeleton      Necr           N/A          1%          1    N/A
c - Regeneration          Chrm/Necr      ####......   2%          3    N/A
d - Vampiric Draining     Necr           ######....   1%          3    N/A
e - Animate Dead          Necr           N/A          1%          4    N/A
f - Corpse Rot            Necr           N/A          1%          2    N/A
g - Dispel Undead         Necr           ######..     3%          5    N/A
h - Ensorcelled Hibernat  Hex/Ice        #.....       10%         2    N/A
i - Death Channel         Necr           ######....   21%         6    N/A

Your spell library contained the following spells:

 Spells                   Type           Power        Failure   Level  Hunger
 Sublimation of Blood     Necr           ######....   1%          2    N/A
 Corona                   Hex            #......      6%          1    N/A
 Magic Dart               Conj           #...         6%          1    N/A
 Blink                    Tloc           N/A          10%         2    N/A
 Call Imp                 Summ           #.......     10%         2    N/A
 Slow                     Hex            #.......     10%         2    N/A
 Confuse                  Hex            #.......     19%         3    N/A
 Conjure Flame            Conj/Fire      #.......     19%         3    N/A
 Dazzling Spray           Conj/Hex       #.....       19%         3    N/A
 Mephitic Cloud           Conj/Pois/Air  #.......     19%         3    N/A
 Tukima's Dance           Hex            #.......     19%         3    N/A
 Bolt of Draining         Conj/Necr      ####......   26%         5    N/A
 Excruciating Wounds      Chrm/Necr      ####......   26%         5    N/A
 Simulacrum               Ice/Necr       ####......   77%         6    N/A

Dungeon Overview and Level Annotations

Branches:
Dungeon (10/15)            Temple (1/1) D:5            Lair (0/6) D:9
    Orc (0/2) D:10

Altars:
Ashenzari
Cheibriados
Dithmenos
Elyvilon
Fedhas
Gozag
Hepliaklqana
Kikubaaqudgha
Makhleb
Nemelex Xobeh
Okawaru
Qazlal
Ru
Sif Muna
Trog
Uskayaw
Vehumet
Xom
Yredelemnul
Zin
The Shining One

Annotations:
D:5 Menkaure
D:8 Josephine
D:10 Psyche


Innate Abilities, Weirdness & Mutations

You do not eat.
Your natural rate of healing is unusually fast.
You have razor-sharp teeth.
You have supernaturally acute eyesight. (SInv)
You can survive without breathing.


Message History

You feel very mighty all of a sudden.
Josephine says, "How about some decapitation?"
Josephine barely misses you.
A red film seems to cover your vision as you go berserk!
You feel yourself moving faster!
You feel mighty! Josephine casts a spell at you.
The ghostly flame explodes!
The ghostly fireball engulfs you!!
You feel drained.
* * * LOW HITPOINT WARNING * * *
The ghostly fireball engulfs Josephine.
Josephine completely resists.
You puncture Josephine!
Josephine is moderately wounded.
You hit Josephine.
Josephine is moderately wounded.
Josephine hits you but does no damage.
You puncture Josephine! Your bite misses Josephine.
Josephine is heavily wounded.
Josephine is infused with unholy energy.
You die...
Kikubaaqudgha rasps: "You have failed me!
Welcome... death!"

#.#.##....#####.##.#####.........
..#......######.##.#......##.#.##
.#####...............###..##...#
....<.....######.#.####.......##
..####.....#####.#.........##.##
.###........................#..#
.# #......##..............#.##.##
.# #.............@........#.##..#
.# #.......##...@....#.......##..
.# #######..#........#.###...##..
## ##.####<.#..#...#...##.. #
#..##.................. #
##.##.##......#....#... #
#..#.#................ #
####......##.......###<.. #
#######)....................Z..
###............###.#....##.####.#


You could see Josephine.

Vanquished Creatures
  A two-headed ogre (D:8)
  An unseen horror (D:10)
  3 hippogriffs
  A vampire (D:9)
  A wraith (D:8)
  2 basilisks (D:9)
  2 hungry ghosts (D:9)
  Edmund (D:5)
  Duvessa (D:5)
  A water moccasin (D:5)
  2 ice beasts
  4 orc warriors
  A black bear (D:9)
  A sky beast (D:7)
  A hornet zombie (D:10)
  A centaur (D:8)
  3 phantoms
  5 ogres
  A wyvern zombie (D:10)
  6 bullfrogs
  2 scorpions
  Dowan (D:5)
  4 killer bees (D:8)
  A vampire bat (D:3)
  12 wights
  2 howler monkeys
  4 crimson imps
  2 centaur skeletons (D:6)
  6 orc priests
  7 hounds
  9 orc wizards
  2 iguanas
  11 worker ants
  10 adders
  3 shadow imps
  An ooze (D:1)
  A worm (D:3)
  A dart slug (D:1)
  4 leopard geckos
  49 orcs
  5 bats
  A bat skeleton (D:3)
  3 bat zombies (D:3)
  3 giant cockroaches
  12 goblins
  7 hobgoblins
  13 jackals
  4 quokkas
  2 ball pythons (D:3)
  7 frilled lizards
  7 kobolds
  2 leopard gecko skeletons
  A quokka skeleton (D:4)
  A quokka zombie (D:5)
  6 rats
245 creatures vanquished.

Vanquished Creatures (collateral kills)
  A two-headed ogre (D:7)
  3 ogres
  A centaur (D:8)
  A crocodile (D:9)
  A bullfrog (D:7)
  2 killer bees (D:8)
  A wight (D:9)
  A vampire bat (D:3)
  A howler monkey (D:7)
  3 orc wizards
  A gnoll (D:9)
  An adder (D:4)
  2 shadow imps (D:7)
  An adder skeleton (D:6)
  2 worms
  A leopard gecko (D:3)
  7 orcs
  A bat (D:3)
  2 goblins (D:3)
  A hobgoblin (D:1)
  A jackal (D:3)
  A quokka (D:7)
36 creatures vanquished.

Grand Total: 281 creatures vanquished

Notes
Turn   | Place    | Note
-------+----------+-------------------------------------------
     0 | D:1      | Bombadil the Vampire Necromancer began the quest for the
                  | Orb.
     0 | D:1      | Reached XP level 1. HP: 13/13 MP: 3/3
    27 | D:1      | Learned a level 1 spell: Animate Skeleton
   141 | D:1      | Reached XP level 2. HP: 17/19 MP: 0/5
   316 | D:1      | Reached skill level 5 in Necromancy
  1012 | D:2      | Reached XP level 3. HP: 24/24 MP: 2/6
  1019 | D:2      | Learned a level 3 spell: Regeneration
  1256 | D:3      | Reached XP level 4. HP: 25/30 MP: 8/8
  1336 | D:3      | Learned a level 3 spell: Vampiric Draining
  1448 | D:3      | Reached XP level 5. HP: 26/35 MP: 10/10
  1679 | D:4      | Noticed a phantom
  1702 | D:5      | Entered Level 5 of the Dungeon
  2060 | D:6      | Noticed a necrophage
  2116 | D:5      | Reached skill level 6 in Necromancy
  2116 | D:5      | Reached XP level 6. HP: 34/41 MP: 12/12
  2136 | D:5      | Found a staircase to the Ecumenical Temple.
  2142 | Temple   | Entered the Ecumenical Temple
  2364 | D:5      | Noticed Dowan
  2365 | D:5      | Noticed Duvessa
  2544 | D:3      | Learned a level 4 spell: Animate Dead
  2567 | D:3      | Found an ancient bone altar of Kikubaaqudgha.
  2572 | D:3      | Became a worshipper of Kikubaaqudgha
  3199 | D:2      | Found a sparkling altar of Nemelex Xobeh.
  3199 | D:2      | Found an opulent altar of Gozag.
  3483 | D:2      | Found a faded altar of an unknown god.
  3606 | D:3      | Reached * piety under Kikubaaqudgha
  3606 | D:3      | Identified Kikubaaqudgha's Grimoire of Darkness
                  | (Kikubaaqudgha gifted it to you on level 3 of the Dungeon)
  3606 | D:3      | Received a gift from Kikubaaqudgha
  3707 | D:3      | Found a shadowy altar of Dithmenos.
  3717 | D:3      | Reached XP level 7. HP: 39/47 MP: 7/14
  3907 | D:3      | Reached ** piety under Kikubaaqudgha
  3973 | D:3      | Reached skill level 7 in Necromancy
  4091 | D:3      | Found an iron altar of Okawaru.
  4156 | D:3      | Learned a level 2 spell: Corpse Rot
  4184 | D:4      | Found a white marble altar of Elyvilon.
  4278 | D:4      | Got a jewelled ring mail
  4289 | D:4      | Identified the cursed +0 ring mail of Tender Moments {*Slow
                  | +Fly rPois Slay+5} (You found it on level 4 of the Dungeon)
  4359 | D:4      | Reached skill level 5 in Spellcasting
  4470 | D:5      | Noticed Edmund
  4503 | D:5      | Found a sacrificial altar of Ru.
  4513 | D:5      | Reached skill level 1 in Short Blades
  4632 | D:6      | Reached skill level 8 in Necromancy
  4643 | D:6      | Reached XP level 8. HP: 45/53 MP: 6/16
  5055 | D:5      | Killed Dowan
  5754 | D:5      | Reached skill level 1 in Armour
  5775 | D:5      | Noticed Menkaure
  5811 | D:5      | Killed Duvessa
  5811 | D:5      | Reached skill level 9 in Necromancy
  6128 | D:7      | Found a sparkling altar of Nemelex Xobeh.
  6128 | D:7      | Noticed a two-headed ogre
  6129 | D:7      | Found a shadowy altar of Dithmenos.
  6130 | D:7      | Reached skill level 5 in Stealth
  6192 | D:5      | Killed Edmund
  6329 | D:6      | Found a shattered altar of Ashenzari.
  6469 | D:7      | Reached XP level 9. HP: 56/58 MP: 19/19
  6523 | D:7      | Found a stormy altar of Qazlal.
  6592 | D:7      | Killed a two-headed ogre
  6647 | D:7      | Found a hazy altar of Hepliaklqana.
  6780 | D:7      | Reached *** piety under Kikubaaqudgha
  6780 | D:7      | Identified Kikubaaqudgha's Volume of Black Secrets
                  | (Kikubaaqudgha gifted it to you on level 7 of the Dungeon)
  6780 | D:7      | Received a gift from Kikubaaqudgha
  6780 | D:7      | Reached skill level 1 in Maces & Flails
  6788 | D:7      | Learned a level 5 spell: Dispel Undead
  7051 | D:8      | Reached skill level 10 in Necromancy
  7191 | D:8      | Learned a level 2 spell: Ensorcelled Hibernation
  7322 | D:8      | Noticed a two-headed ogre
  7342 | D:8      | Killed a two-headed ogre
  7342 | D:8      | Reached skill level 1 in Fighting
  7342 | D:8      | Reached XP level 10. HP: 40/65 MP: 20/23
  7386 | D:8      | Learned a level 6 spell: Death Channel
  8024 | D:9      | Noticed a two-headed ogre
  8233 | D:9      | Reached skill level 11 in Necromancy
  8271 | D:9      | Reached **** piety under Kikubaaqudgha
  8607 | D:9      | Found a staircase to the Lair.
  8708 | D:9      | Noticed an elephant
  8858 | D:9      | Reached skill level 10 in Spellcasting
  9320 | D:10     | Entered Level 10 of the Dungeon
  9331 | D:10     | Noticed Josephine
  9379 | D:10     | Reached skill level 1 in Hexes
  9533 | D:10     | Found a staircase to the Orcish Mines.
  9987 | D:10     | Noticed an unseen horror
  9995 | D:10     | Killed an unseen horror
 10066 | D:10     | Noticed Psyche
 10092 | D:8      | Reached XP level 11. HP: 52/71 MP: 25/25
 10104 | D:8      | HP: 3/106 [Josephine/ghostly fireball (23)]
 10107 | D:8      | Killed from afar by Josephine

Levels and vault maps discovered:
D:1:      psy_arrival_radial02, layout_loops_corners, minmay_hexomino_c4
D:2:      layout_loops_ring, grunt_temple_overflow_opulence,
          chequers_ecumenical_altar_grove
D:3:      corexii_shack_village, layout_rooms, kennysheep_vampire_church,
          lemuel_coloured_pillars_altar, lemuel_crystal_altar
D:4:      layout_rooms, lemuel_doored_altar
D:5:      layout_basic, temple_fountains, first_ration, nicolae_ru_awakened_eye,
          uniq_menkaure, uniq_edmund, uniq_duvessa
D:6:      layout_cave_pools, kennysheep_mini, evilmike_ruin_ashenzari,
          kennysheep_generic_room_4
D:7:      layout_rooms, kennysheep_mini_moat, nicolae_overflow_hidden_temple,
          basic_altar, grunt_ogre_cave, nicolae_dithmenos_the_darkroom
D:8:      layout_rooms, minmay_manual_mares
D:9:      layout_basic, david_lair_generic, chequers_serial_rivers_micro_d,
          grunt_decor_mini_mirrors
D:10:     layout_roguey, erik_orc_3, uniq_psyche, uniq_josephine
Temple:   minmay_temple_bridge_abc

Skill      XL: |  1  2  3  4  5  6  7  8  9 10 |
---------------+-------------------------------+-----
Necromancy     | 5 6 8 9 10 11 | 11.8
Spellcasting   | 3 4 5 6 9 10 | 10.6
Stealth        | 4 5 |  5.6
Dodging        | 3 4 |  4.0
Short Blades   | 1 2 |  2.2
Armour         | 2 3 |  3.2
Maces & Flails | 1 |  1.5
Fighting       | 1 |  1.5
Hexes          | 1 |  1.1
Charms         | |  0.5
Ice Magic      | |  0.5

Action                   |  1- 3 |  4- 6 |  7- 9 | 10-12 || total
-------------------------+-------+-------+-------+-------++-------
Melee: Unarmed           |     1 |       |       |       ||     1
       Dagger            |       |   198 |    81 |    19 ||   298
       Bite              |       |    14 |     7 |     2 ||    23
       Flail             |       |       |    19 |    17 ||    36
 Cast: Pain              |    49 |   142 |   189 |   131 ||   511
       Animate Skeleton  |    10 |    17 |     5 |     5 ||    37
       Regeneration      |       |     6 |     5 |     6 ||    17
       Animate Dead      |       |     5 |    21 |     7 ||    33
       Vampiric Draining |       |     2 |    15 |    26 ||    43
       Corpse Rot        |       |       |     3 |       ||     3
       Ensorcelled Hiber |       |       |     4 |    21 ||    25
       Dispel Undead     |       |       |     2 |    19 ||    21
       Death Channel     |       |       |       |     8 ||     8
 Abil: End Transformatio |       |       |       |     1 ||     1
       Bat Form          |       |       |       |     1 ||     1
       Exsanguinate      |       |       |       |     1 ||     1
       Revivify          |       |       |       |     1 ||     1
  Use: Potion            |       |     4 |       |     4 ||     8
       Scroll            |       |     2 |     6 |    10 ||    18
 Stab: Distracted        |       |     1 |       |       ||     1
       Sleeping          |       |     1 |     7 |     7 ||    15
Armor: Robe              |       |    53 |     9 |       ||    62
       Ring mail         |       |       |    92 |    69 ||   161
       Scale mail        |       |       |     2 |       ||     2
Dodge: Dodged            |     9 |   232 |   120 |   103 ||   464
